 Dungeon Crawl Stone Soup version 0.18.1-50-g88ac8fd (webtiles) character file.

11340 Unysa the Protected (level 11, -10/86 HPs)
             Began as a Demonspawn Abyssal Knight on Oct 23, 2016.
             Was a High Priest of Lugonu.
             Killed by divine providence
             ... invoked by an orc priest
              (16 damage)
             ... on level 10 of the Dungeon.
             The game lasted 01:09:55 (9981 turns).

Unysa the Protected (Demonspawn Abyssal Knight)     Turns: 9981, Time: 01:09:56

Health: -10/86     AC: 20    Str: 15    XL:     11   Next: 48%
Magic:  15/15      EV:  9    Int: 14    God:    Lugonu [*****.]
Gold:   531        SH:  5    Dex: 13    Spells: 0 memorised, 10 levels left

rFire  . . .     SeeInvis .     E - +1 flail
rCold  + . .     Gourm    .     y - +0 chain mail
rNeg   . . .     Faith    .     q - +0 buckler
rPois  +         Spirit   .     N - +0 helmet
rElec  .         Dismiss  .     b - +1 cloak
rCorr  .         Reflect  .     (no gloves)
SustAt .         Harm     .     k - +0 pair of boots
MR     .....                    (no amulet)
Stlth  ..........               (no ring)
                                h - ring of protection from cold

@: not resistant to hostile enchantments, extremely unstealthy
A: claws 1, slimy green scales 3, powered by death 2, spiny 2
a: Depart the Abyss, Bend Space, Banish, Corrupt, Enter the Abyss, Renounce
Religion


You were on level 10 of the Dungeon.
You worshipped Lugonu.
Lugonu was extremely pleased with you.
You were very hungry.

You visited 1 branch of the dungeon, and saw 10 of its levels.
You visited the Abyss 1 time.
You also visited: Ossuary.

You collected 531 gold pieces.

Inventory:

Hand Weapons
 a - a +2 mace
 c - a +2 quarterstaff of chaos
 d - a +1 falchion of slicing
 A - a +0 shortbow
 C - a +2 vampiric halberd
 E - a +1 flail (weapon)
Missiles
 e - 198 arrows
Armour
 b - a +1 cloak (worn)
 g - a +0 scale mail
 k - a +0 pair of boots (worn)
 n - a +1 leather armour of cold resistance
 q - a +0 buckler (worn)
 s - a +2 leather armour of fire resistance
 y - a +0 chain mail (worn)
 G - a +0 storm dragon armour
 N - a +0 helmet (worn)
 Q - a +0 robe of magic resistance
Jewellery
 h - a ring of protection from cold (left claw)
 M - an uncursed ring of poison resistance
 R - a +5 ring of protection {unknown}
Wands
 r - a wand of digging (4/24)
 u - a wand of paralysis (12/24)
 D - a wand of paralysis (6/24)
 L - a wand of teleportation (8/9)
 O - a wand of paralysis (11/24)
Scrolls
 i - 9 scrolls of identify
 j - 6 scrolls of remove curse
 l - a scroll of random uselessness
 o - 2 scrolls of recharging
 H - a scroll of fog
 J - 2 scrolls of teleportation
 K - 2 scrolls of magic mapping
Potions
 p - a potion of agility
 t - a potion of haste
 v - 2 potions of resistance
 z - 2 potions of flight
 S - 2 potions of heal wounds
Books
 w - a book of Fire

   Spells                             Type                      Level
   a - Ignite Poison                  Fire/Transmutation/Poison    3
   b - Fireball                       Conjuration/Fire             5
   c - Bolt of Fire                   Conjuration/Fire             6
   d - Delayed Fireball               Conjuration/Fire             7
   e - Ring of Flames                 Charms/Fire                  7
 I - a book of Summonings

   Spells                             Type                      Level
   a - Recall                         Summoning/Translocation      3
   b - Aura of Abjuration             Summoning                    5
   c - Summon Demon                   Summoning                    5
   d - Summon Forest                  Summoning/Translocation      5
   e - Summon Mana Viper              Hexes/Summoning              5
   f - Shadow Creatures               Summoning                    6
Comestibles
 f - 3 meat rations
 m - 2 slices of pizza
 x - 7 bread rations
 B - a beef jerky
 F - 8 fruits


   Skills:
 + Level 8.2 Fighting
 + Level 8.3 Maces & Flails
 + Level 9.5 Armour
 + Level 6.5 Dodging
 + Level 1.6 Stealth
 + Level 4.3 Shields
 + Level 6.4 Invocations


You had 10 spell levels left.
You didn't know any spells.

Dungeon Overview and Level Annotations

Branches:
Dungeon (10/15)            Temple (0/1) D:4            Lair (0/8) D:9
    Orc: D:9-12

Altars:
Ashenzari
Nemelex Xobeh
Okawaru

Shops:
D:7 =

Annotations:
Abyss:1 Pikel


Innate Abilities, Weirdness & Mutations

You have sharp fingernails.
You are completely covered in slimy green scales (AC +4, rPois).
You regenerate health from kills.
You are mostly covered in sharp spines.


Message History

Your chain mail prevents you from hitting something.
The orc priest invokes the aid of Beogh against you.
Beogh smites you! Something hits you. Something bites you.
Something draws strength from your injuries!
You hear a shout!
As you read the scroll labeled PUTOOGH TOEG, it crumbles to dust.
It is a scroll of enchant armour.
Enchant which item? (? for menu, Esc to quit)
Your storm dragon hide glows purple and changes!
You feel less regenerative. Something hits you but does no damage.
Something bites you.
* * * LOW HITPOINT WARNING * * *
Something draws strength from your injuries!
The orc priest mumbles some strange prayers to Beogh against you.
Beogh smites you!
* * * LOW HITPOINT WARNING * * *
An orc priest comes into view. It is wielding a hand axe.
The orc priest invokes the aid of Beogh against you.
Beogh smites you!
You die...

......# ##.....######....#...#.
......# #......#...#.....#...#.
......# #......#...#.....'...#.
>.....# #......#...#.....#...#.
......##+##....#####'##....#####.
......'.(.#.......#...#....#...#.
..o...#..o'.......#...#....'...#.
......#...#oo.....#...#....#...#.
......##'#######@##..##....##'##.
......#..........#...#.........#.
......#..........#...#.........#.
......#..........#...#.........#.
##...#########.####'###...######.
.# #.....#...#..........#....#.
.# #.....#...#..........#....#.
.# #.....#..)#..........#....'.
.# #.....#...#..<.......#....#.


You could see 2 orc priests and an orc.

Vanquished Creatures
  Erolcha (D:9)
  An unseen horror (D:10)
  A hill giant (D:10)
  A two-headed ogre (D:8)
  Grinder (D:5)
  A wyvern (D:8)
  A spriggan (D:7)
  Eustachio (D:5)
  24 yaks
  A steam dragon (D:8)
  A hungry ghost (D:8)
  A water moccasin (D:9)
  2 ice beasts
  A sky beast (D:9)
  2 slaves (D:4)
  2 black bears
  2 ogres
  An orc warrior (D:9)
  A phantom (D:6)
  A wasp (D:9)
  The ghost of NoMoreDrama the Shield-Bearer, an amateur HuFi (D:3)
  A crocodile (D:9)
  6 centaurs
  2 big kobolds (D:9)
  6 giant frogs
  2 elf zombies (Ossuary)
  2 scorpions
  13 wights
  A howler monkey (D:4)
  A centaur zombie (Ossuary)
  7 crimson imps
  A human zombie (Ossuary)
  A centaur skeleton (D:7)
  7 hounds
  5 jellies
  4 orc priests
  2 orc wizards
  Crazy Yiuf (D:5)
  4 giant frog skeletons
  A gnoll shaman (D:5)
  3 iguanas
  Terence (D:2)
  4 worker ants
  A killer bee zombie (D:9)
  A hound zombie (D:7)
  A hound skeleton (D:7)
  2 mummies (Ossuary)
  7 gnolls
  A howler monkey zombie (D:7)
  9 adders
  2 shadow imps
  An ooze (D:3)
  An adder zombie (Ossuary)
  2 adder skeletons
  2 worms (D:2)
  A dart slug (D:2)
  3 giant geckos
  29 orcs
  5 giant cockroaches
  7 goblins
  4 hobgoblins
  11 jackals
  19 kobolds
  4 quokkas
  5 ball pythons
  7 bats
  A giant gecko skeleton (D:7)
  4 giant newts
  A goblin zombie (Ossuary)
  10 hobgoblin zombies (Ossuary)
  2 jackal zombies (Ossuary)
  7 kobold zombies (Ossuary)
  11 orc zombies (Ossuary)
  10 rats
  A rat zombie (Ossuary)
  A fungus (D:9)
296 creatures vanquished.

Vanquished Creatures (others)
  The ghost of Plasmo the Sneak, a novice NaWz of Cheibriados (D:5)
  A slave (D:4)
  2 electric eels (D:8)
  2 gnolls (D:4)
  An adder (D:4)
7 creatures vanquished.

Grand Total: 303 creatures vanquished

Notes
Turn   | Place    | Note
--------------------------------------------------------------
     0 | Abyss:1  | Unysa the Demonspawn Abyssal Knight began the quest for the Orb.
     0 | Abyss:1  | Reached XP level 1. HP: 18/18 MP: 2/2
    84 | Abyss:1  | Noticed a small abomination
    89 | D:1      | Escaped the Abyss
   356 | D:1      | Found a shattered altar of Ashenzari.
   437 | D:1      | Reached skill level 1 in Dodging
   466 | D:1      | Gained mutation: You are partially covered in slimy green scales (AC +2). [demonic ancestry]
   466 | D:1      | Reached XP level 2. HP: 23/24 MP: 3/3
   499 | D:1      | Reached * piety under Lugonu
  1150 | D:2      | Noticed Terence
  1170 | D:2      | Killed Terence
  1170 | D:2      | Reached skill level 2 in Armour
  1170 | D:2      | Gained mutation: You regenerate a little health from kills. [demonic ancestry]
  1170 | D:2      | Reached XP level 3. HP: 6/30 MP: 4/4
  1546 | D:2      | Gained mutation: You are partially covered in sharp spines. [demonic ancestry]
  1546 | D:2      | Reached XP level 4. HP: 24/37 MP: 5/5
  1581 | D:2      | Reached ** piety under Lugonu
  2101 | D:3      | Noticed NoMoreDrama's ghost (amateur HuFi)
  2117 | D:3      | Killed NoMoreDrama's ghost
  2117 | D:3      | Reached skill level 1 in Stealth
  2117 | D:3      | Gained mutation: You have sharp fingernails. [demonic ancestry]
  2117 | D:3      | Reached XP level 5. HP: 39/42 MP: 6/6
  2184 | D:3      | Reached skill level 3 in Armour
  2734 | D:4      | Gained mutation: You are mostly covered in slimy green scales (AC +3). [demonic ancestry]
  2734 | D:4      | Reached XP level 6. HP: 29/48 MP: 7/7
  2863 | D:4      | Found a staircase to the Ecumenical Temple.
  2900 | D:4      | Found a sand-covered staircase.
  2905 | Ossuary  | Entered an ossuary
  2971 | Ossuary  | Reached *** piety under Lugonu
  3044 | Ossuary  | Reached skill level 4 in Armour
  3064 | Ossuary  | Reached XP level 7. HP: 49/55 MP: 9/9
  3269 | D:4      | Noticed Pikel
  3318 | D:4      | Banished Pikel
  3318 | D:4      | Reached skill level 5 in Fighting
  3318 | D:4      | Reached skill level 5 in Armour
  3329 | D:4      | HP: 1/56 [spatial distortion (2)]
  3854 | D:4      | Reached XP level 8. HP: 59/63 MP: 10/10
  4036 | D:4      | Noticed a wyvern
  4094 | D:5      | Entered Level 5 of the Dungeon
  4094 | D:5      | Noticed Grinder
  4166 | D:5      | Paralysed by Grinder for 2 turns
  4172 | D:5      | Killed Grinder
  4346 | D:5      | Noticed Eustachio
  4416 | D:5      | Killed Eustachio
  4416 | D:5      | Reached skill level 1 in Shields
  4643 | D:5      | Noticed Plasmo's ghost (novice NaWz)
  4669 | D:5      | Banished Plasmo's ghost
  4774 | D:5      | Reached skill level 6 in Armour
  4971 | D:5      | Noticed Crazy Yiuf
  4977 | D:5      | Killed Crazy Yiuf
  4977 | D:5      | Reached **** piety under Lugonu
  5104 | D:5      | Gained mutation: You are completely covered in slimy green scales (AC +4, rPois). [demonic ancestry]
  5104 | D:5      | Reached XP level 9. HP: 66/69 MP: 11/11
  5266 | D:6      | Reached skill level 5 in Maces & Flails
  5461 | D:6      | Reached skill level 5 in Dodging
  5846 | D:7      | Reached skill level 7 in Armour
  5969 | D:7      | Found Hostraoc's Jewellery Shoppe.
  6121 | D:7      | Reached ***** piety under Lugonu
  6722 | D:8      | Found a sparkling altar of Nemelex Xobeh.
  6789 | D:8      | Gained mutation: You regenerate health from kills. [demonic ancestry]
  6789 | D:8      | Reached XP level 10. HP: 70/77 MP: 13/13
  7665 | D:9      | Noticed Erolcha
  7671 | D:9      | Reached skill level 8 in Armour
  7694 | D:9      | Killed Erolcha
  7694 | D:9      | Reached skill level 5 in Invocations
  7874 | D:9      | Found a staircase to the Lair.
  8421 | D:9      | Gained mutation: You are mostly covered in sharp spines. [demonic ancestry]
  8421 | D:9      | Reached XP level 11. HP: 42/84 MP: 15/15
  8427 | D:9      | Reached skill level 9 in Armour
  8601 | D:9      | Found an iron altar of Okawaru.
  8797 | D:10     | Entered Level 10 of the Dungeon
  8887 | D:10     | Killed an unseen horror
  8929 | D:10     | Noticed a hill giant
  8940 | D:10     | Killed a hill giant
  9981 | D:10     | Killed from afar by an orc priest

Skill      XL: |  1  2  3  4  5  6  7  8  9 10 11 |
---------------+----------------------------------+-----
Dodging        | 1 2 3 4 5 6 |  6.5
Maces & Flails | 2 3 4 6 7 8 |  8.3
Armour         | 2 3 4 5 6 7 8 9 |  9.5
Stealth        | 1 |  1.6
Fighting       | 4 5 6 7 8 |  8.2
Invocations    | 3 4 6 |  6.4
Shields        | 1 3 4 |  4.3

Action                   |  1- 3 |  4- 6 |  7- 9 | 10-12 || total
-------------------------+-------+-------+-------+-------++-------
Melee: Mace              |   156 |   152 |   301 |       ||   609
       Flail             |       |       |   142 |   426 ||   568
Invok: Depart the Abyss  |     1 |       |       |       ||     1
       Bend Space        |       |     1 |     1 |     1 ||     3
       Banish            |       |       |     3 |     3 ||     6
  Use: Scroll            |     1 |       |    11 |     2 ||    14
       Potion            |     1 |     1 |     9 |       ||    11
 Stab: Sleeping          |     1 |       |       |       ||     1
  Eat: Fruit             |     1 |       |     3 |     2 ||     6
       Chunk             |     2 |       |     7 |    12 ||    21
       Bread ration      |       |     1 |       |       ||     1
       Meat ration       |       |       |     1 |       ||     1
Armor: Leather armour    |    69 |       |       |       ||    69
       Scale mail        |    26 |    25 |       |       ||    51
       Chain mail        |       |    51 |   350 |   267 ||   668
       Skin              |       |       |    37 |       ||    37
Dodge: Dodged            |   138 |    65 |   192 |   147 ||   542
Block: Buckler           |       |       |    85 |    92 ||   177
